Carolina Hurricanes vs Tampa Bay Lightning

Created - mardi, 24 octobre 2023 at 19:00

Goals
1 2 3 T
Carolina Hurricanes 1 1 1 3
Tampa Bay Lightning 1 1 0 2
Shots
1 2 3 T
Carolina Hurricanes 8 13 13 34
Tampa Bay Lightning 9 13 10 32

1st period

1. Tampa Bay Lightning , Ondrej Palat 2 (Will Borgen 5) at 0:44
2. Carolina Hurricanes , Carl Grundstrom 1 (Noah Hanifin 3, Anthony Duclair 1) at 19:12

Penalties :
Eric Robinson (TBL) for Holding (Minor) at 0:45

2nd period

3. Tampa Bay Lightning , Ross Colton 1 (Will Borgen 6, Brendan Gallagher 2) at 5:57
4. Carolina Hurricanes , Denis Gurianov 2 (Brett Pesce 5, Sebastian Aho 8) at 16:21

Penalties :
Brett Pesce (CAR) for Hooking (Minor) at 9:47, Brendan Gallagher (TBL) for Fighting (Major) at 17:38, Brock McGinn (CAR) for Fighting (Major) at 17:38, Ross Colton (TBL) for Fighting (Major) at 17:38, Jake Bean (CAR) for Fighting (Major) at 17:38, Victor Hedman (TBL) for Fighting (Major) at 17:38, Anthony Duclair (CAR) for Fighting (Major) at 17:38, Ondrej Palat (TBL) for High sticking (Minor) at 17:38, Calvin de Haan (TBL) for High sticking (Minor) at 17:38, Dylan Coghlan (CAR) for Cross-checking (Minor) at 17:38, Carl Grundstrom (CAR) for Roughing (Double Minor) at 17:38

3rd period

5. Carolina Hurricanes , Anthony Duclair 1 (Brock McGinn 2, Brady Skjei 3) at 14:44

Penalties :
Jordan Oesterle (TBL) for Hooking (Minor) at 7:43, Brett Pesce (CAR) for Elbowing (Minor) at 19:34

Goalie Stats

Frederik Andersen (CAR), 30 saves from 32 shots - (0.938), W, 2-4-0, 60:00 minutes
Vitek Vanecek (TBL), 31 saves from 34 shots - (0.912), L, 3-2-1, 59:20 minutes

Players Stats for Carolina Hurricanes

Player Name              G  A  P  +/- PIM S  H  SB GA TA FO     MP     PP MP  PK MP  
------------------------------------------------------------------------------------
Anthony Duclair          1  1  2   1  5   2  0  0  0  0  6/19   14:57   0:00   0:00 
Brady Skjei              0  1  1   2  0   2  1  4  0  0  0/0    23:12   1:56   1:27 
Brendan Lemieux          0  0  0   0  0   0  0  0  0  0  0/2     0:24   0:00   0:00 
Brendan Smith            0  0  0  -1  0   3  2  2  0  0  0/0    19:31   2:02   0:45 
Brett Pesce              0  1  1   2  4   1  2  1  0  0  0/0    21:43   1:56   0:00 
Brock McGinn             0  1  1   1  5   0  0  1  0  0  0/0    14:57   0:00   0:00 
Carl Grundstrom          1  0  1   1  4   3  1  0  0  0  0/2    15:07   0:00   0:10 
Denis Gurianov           1  0  1   1  0   1  0  0  0  0  0/0     9:44   0:00   0:00 
Dylan Coghlan            0  0  0   0  2   1  1  1  0  0  0/0    16:51   0:00   1:06 
Jake Bean                0  0  0   0  5   1  1  0  0  0  0/0    15:35   0:00   0:12 
Jordan Staal             0  0  0   0  0   3  2  0  0  0  0/1    15:56   1:51   1:02 
Julien Gauthier          0  0  0   1  0   1  0  0  0  0  0/1     9:44   0:00   0:00 
Nicklas Backstrom        0  0  0  -1  0   1  1  1  0  0  17/24  17:40   2:07   0:00 
Nino Niederreiter        0  0  0   0  0   2  1  0  0  0  0/1    16:41   1:51   1:12 
Noah Hanifin             0  1  1  -1  0   0  0  4  0  0  0/0    20:26   2:02   1:18 
Sebastian Aho            0  1  1   1  0   4  0  1  0  0  24/41  24:51   1:51   1:12 
Stefan Noesen            0  0  0  -1  0   4  0  0  0  0  0/2    18:02   2:07   0:00 
Taylor Hall              0  0  0  -1  0   5  0  0  0  0  4/6    20:09   2:07   1:12 

Players Stats for Tampa Bay Lightning

Player Name              G  A  P  +/- PIM S  H  SB GA TA FO     MP     PP MP  PK MP  
------------------------------------------------------------------------------------
Alex Killorn             0  0  0  -2  0   3  2  0  0  0  1/1    19:37   0:41   2:14 
Brendan Gallagher        0  1  1   2  5   2  0  0  0  0  0/0    12:57   1:25   0:00 
Caleb Jones              0  0  0   1  0   2  2  2  0  0  0/0    19:06   0:58   1:37 
Calvin de Haan           0  0  0   0  2   0  0  4  0  0  0/0    19:49   0:52   2:21 
Colin White              0  0  0  -1  0   2  1  0  0  0  4/11   12:13   0:18   0:00 
Daniel Sprong            0  0  0   0  0   2  0  0  0  0  1/2    13:14   0:00   0:00 
Eric Robinson            0  0  0   0  2   1  2  0  0  0  1/3    14:11   0:00   0:00 
Jake Walman              0  0  0  -2  0   1  1  2  0  0  0/0    17:17   0:34   0:00 
Jordan Oesterle          0  0  0  -2  2   1  0  0  0  0  0/0    18:14   0:00   0:00 
Kiefer Sherwood          0  0  0  -1  0   1  0  0  0  0  0/1    12:13   0:18   0:00 
Mathew Barzal            0  0  0  -2  0   2  1  0  0  0  13/29  19:40   0:59   2:14 
Mathieu Joseph           0  0  0  -2  0   0  0  0  0  0  1/2    17:46   0:41   1:44 
Nick Bjugstad            0  0  0  -1  0   1  0  0  0  0  0/0    12:08   0:00   0:00 
Ondrej Palat             1  0  1   2  2   4  0  0  0  0  0/0    13:47   1:25   0:00 
Ross Colton              1  0  1   2  5   2  2  0  0  0  17/31  14:41   1:25   1:44 
Victor Hedman            0  0  0   0  5   5  2  3  0  0  0/0    21:01   1:26   2:24 
Will Borgen              0  2  2   1  0   1  2  1  0  0  0/0    21:52   0:58   1:34 
Zach Aston-Reese         0  0  0   0  0   2  2  0  0  0  10/19  14:10   0:00   0:00 

3 Stars

1 - Will Borgen (TBL)
2 - Brady Skjei (CAR)
3 - Denis Gurianov (CAR)

Power Play

Carolina Hurricanes - 0 on 2 Attempt(s) - 0.00%
Tampa Bay Lightning - 0 on 3 Attempt(s) - 0.00%

Penalty Kill

Carolina Hurricanes - 3 on 3 Attempt(s) - 100.00% - Score 0 goal in Penalty Kill
Tampa Bay Lightning - 2 on 2 Attempt(s) - 100.00% - Score 0 goal in Penalty Kill

Team Stat

Carolina Hurricanes - Hits : 12 - Faceoff Wins : 51 - Blocked Shots : 15 - Penalty Minutes : 25
Tampa Bay Lightning - Hits : 17 - Faceoff Wins : 48 - Blocked Shots : 12 - Penalty Minutes : 23

Official

Referees : Michael Markovic and Kevin Pollock
Linesman : Travis Toomey and David Brisebois

Game Notes

General Fight at 17:38 of 2nd period
Brendan Gallagher beats up Brock McGinn at 17:38 of 2nd period
Jake Bean beats up Ross Colton at 17:38 of 2nd period
Victor Hedman and Anthony Duclair fight to a draw at 17:38 of 2nd period

Finance

Level 1 -- Attendance: 9259 (87.35%) -- Ticket Income $ 833 310
Level 2 -- Attendance: 1908 (86.73%) -- Ticket Income $ 143 100
Level 3 -- Attendance: 3402 (91.95%) -- Ticket Income $ 153 090
Level 4 -- Attendance: 1417 (97.72%) -- Ticket Income $ 42 510
Luxury Box -- Attendance: 45 (90.00%) -- Ticket Income $ 9 900
Game was played at the Amalie Arena.
Total Attendance: 16031 (89.06%)
Total Ticket Income: $ 1 181 910
Total Income: $ 1 181 910

Carolina Hurricanes

5 vs 5 Forward 
   Center                   Left Wing                Right Wing               Time % Phy DF OF 
 1 Sebastian Aho            Jordan Staal             Nino Niederreiter        30     1   2  2  
 2 Nicklas Backstrom        Taylor Hall              Stefan Noesen            30     1   2  2  
 3 Anthony Duclair          Brock McGinn             Carl Grundstrom          25     1   2  2  
 4 Sebastian Aho            Denis Gurianov           Julien Gauthier          15     1   2  2  

5 vs 5 Defense 
   Defense                  Defense                                           Time % Phy DF OF 
 1 Brady Skjei              Brett Pesce                                       30     1   2  2  
 2 Noah Hanifin             Brendan Smith                                     30     1   2  2  
 3 Jake Bean                Dylan Coghlan                                     25     1   2  2  
 4 Brady Skjei              Brett Pesce                                       15     1   2  2  

PowerPlay Forward 
   Center                   Left Wing                Right Wing               Time % Phy DF OF 
 1 Sebastian Aho            Jordan Staal             Nino Niederreiter        50     1   2  2  
 2 Nicklas Backstrom        Taylor Hall              Stefan Noesen            50     1   2  2  

PowerPlay Defense
   Defense                  Defense                                           Time % Phy DF OF 
 1 Brady Skjei              Brett Pesce                                       50     1   2  2  
 2 Noah Hanifin             Brendan Smith                                     50     1   2  2  

Penalty Kill 4 Players Forward 
   Center                   Wing                     Time % Phy DF OF 
 1 Sebastian Aho            Jordan Staal             50     1   2  2  
 2 Taylor Hall              Nino Niederreiter        50     1   2  2  

Penalty Kill 4 Players Defense
   Defense                  Defense                  Time % Phy DF OF 
 1 Brady Skjei              Brett Pesce              50     1   2  2  
 2 Noah Hanifin             Brendan Smith            50     1   2  2  

Penalty Kill - 3 Players Forward 
   Forward                                           Time % Phy DF OF 
 1 Sebastian Aho                                     50     1   2  2  
 2 Jordan Staal                                      50     1   2  2  

Penalty Kill - 3 Players Defense
   Defense                  Defense                  Time % Phy DF OF 
 1 Brady Skjei              Brett Pesce              50     1   2  2  
 2 Noah Hanifin             Brendan Smith            50     1   2  2  

4 vs 4 Forward 
   Center                   Wing                     Time % Phy DF OF 
 1 Sebastian Aho            Jordan Staal             50     1   2  2  
 2 Taylor Hall              Nino Niederreiter        50     1   2  2  

4 vs 4 Defense
   Defense                  Defense                  Time % Phy DF OF 
 1 Brady Skjei              Brett Pesce              50     1   2  2  
 2 Noah Hanifin             Brendan Smith            50     1   2  2  

Last Minutes Offensive
   Center                   Left Wing                Right Wing               Defense                  Defense                  
   Sebastian Aho            Jordan Staal             Nino Niederreiter        Brady Skjei              Brett Pesce              

Last Minutes Defensive
   Center                   Left Wing                Right Wing               Defense                  Defense                  
   Sebastian Aho            Jordan Staal             Nino Niederreiter        Brady Skjei              Brett Pesce              

Goaltenders
Starting : Frederik Andersen        
Backup : Pyotr Kochetkov          

Extra Forwards
Normal : Brendan Lemieux, Brock McGinn, Carl Grundstrom - PP : Brendan Lemieux, Brock McGinn - PK : Carl Grundstrom
Extra Defensemen
Normal : Jake Bean, Dylan Coghlan, Noah Hanifin - PP : Jake Bean - PK : Dylan Coghlan, Noah Hanifin
Penalty Shots
Sebastian Aho, Jordan Staal, Taylor Hall, Nino Niederreiter, Nicklas Backstrom
Custom OT Lines Forwards
Sebastian Aho, Jordan Staal, Taylor Hall, Nino Niederreiter, Nicklas Backstrom, Stefan Noesen, Brock McGinn, Carl Grundstrom, Denis Gurianov, Julien Gauthier
Custom OT Lines Defensemen
Brady Skjei, Brett Pesce, Noah Hanifin, Brendan Smith, Jake Bean

Scratches
None

Tampa Bay Lightning

5 vs 5 Forward 
   Center                   Left Wing                Right Wing               Time % Phy DF OF 
 1 Mathew Barzal            Alex Killorn             Mathieu Joseph           27     1   2  2  
 2 Ross Colton              Ondrej Palat             Brendan Gallagher        26     1   2  2  
 3 Zach Aston-Reese         Eric Robinson            Daniel Sprong            25     1   2  2  
 4 Colin White              Kiefer Sherwood          Nick Bjugstad            22     1   2  2  

5 vs 5 Defense 
   Defense                  Defense                                           Time % Phy DF OF 
 1 Victor Hedman            Calvin de Haan                                    26     1   2  2  
 2 Caleb Jones              Will Borgen                                       26     1   2  2  
 3 Jake Walman              Jordan Oesterle                                   25     1   2  2  
 4 Will Borgen              Jordan Oesterle                                   23     1   2  2  

PowerPlay Forward 
   Center                   Left Wing                Right Wing               Time % Phy DF OF 
 1 Mathew Barzal            Alex Killorn             Mathieu Joseph           50     1   2  2  
 2 Ross Colton              Ondrej Palat             Brendan Gallagher        50     1   2  2  

PowerPlay Defense
   Defense                  Defense                                           Time % Phy DF OF 
 1 Victor Hedman            Calvin de Haan                                    50     1   2  2  
 2 Caleb Jones              Will Borgen                                       50     1   2  2  

Penalty Kill 4 Players Forward 
   Center                   Wing                     Time % Phy DF OF 
 1 Mathew Barzal            Alex Killorn             50     1   2  2  
 2 Ross Colton              Mathieu Joseph           50     1   2  2  

Penalty Kill 4 Players Defense
   Defense                  Defense                  Time % Phy DF OF 
 1 Victor Hedman            Calvin de Haan           50     1   2  2  
 2 Caleb Jones              Will Borgen              50     1   2  2  

Penalty Kill - 3 Players Forward 
   Forward                                           Time % Phy DF OF 
 1 Mathew Barzal                                     50     1   2  2  
 2 Ross Colton                                       50     1   2  2  

Penalty Kill - 3 Players Defense
   Defense                  Defense                  Time % Phy DF OF 
 1 Victor Hedman            Calvin de Haan           50     1   2  2  
 2 Caleb Jones              Will Borgen              50     1   2  2  

4 vs 4 Forward 
   Center                   Wing                     Time % Phy DF OF 
 1 Mathew Barzal            Alex Killorn             50     1   2  2  
 2 Ross Colton              Mathieu Joseph           50     1   2  2  

4 vs 4 Defense
   Defense                  Defense                  Time % Phy DF OF 
 1 Victor Hedman            Calvin de Haan           50     1   2  2  
 2 Caleb Jones              Will Borgen              50     1   2  2  

Last Minutes Offensive
   Center                   Left Wing                Right Wing               Defense                  Defense                  
   Mathew Barzal            Alex Killorn             Mathieu Joseph           Victor Hedman            Calvin de Haan           

Last Minutes Defensive
   Center                   Left Wing                Right Wing               Defense                  Defense                  
   Mathew Barzal            Alex Killorn             Mathieu Joseph           Victor Hedman            Calvin de Haan           

Goaltenders
Starting : Vitek Vanecek            
Backup : Anton Khudobin           

Extra Forwards
Normal : Zach Aston-Reese, Eric Robinson, Daniel Sprong - PP : Colin White, Kiefer Sherwood - PK : Nick Bjugstad
Extra Defensemen
Normal : Will Borgen, Jordan Oesterle, Jake Walman - PP : Will Borgen - PK : Will Borgen, Jordan Oesterle
Penalty Shots
Alex Killorn, Mathew Barzal, Ondrej Palat, Mathieu Joseph, Ross Colton
Custom OT Lines Forwards
Alex Killorn, Mathew Barzal, Ondrej Palat, Mathieu Joseph, Ross Colton, Eric Robinson, Kiefer Sherwood, Brendan Gallagher, Zach Aston-Reese, Colin White
Custom OT Lines Defensemen
Victor Hedman, Calvin de Haan, Caleb Jones, Will Borgen, Jake Walman

Scratches
Andreas Englund (Healthy), Darren Raddysh (Healthy), Anton Forsberg (Healthy)

% Time on Ice - Carolina Hurricanes

Lines # - Real PCT - Wanted PCT - Time Play
Normal Forward
1 - 24% - 30% - 12:19
2 - 30% - 30% - 15:33
3 - 30% - 25% - 15:20
4 - 16% - 15% - 8:25
Normal Defense
1 - 27% - 30% - 14:09
2 - 31% - 30% - 16:02
3 - 33% - 25% - 17:05
4 - 8% - 15% - 4:21
PP Forward
1 - 47% - 50% - 1:51
2 - 53% - 50% - 2:07
PP Defense
1 - 49% - 50% - 1:56
2 - 51% - 50% - 2:02
PK Forward
1 - 50% - 50% - 1:12
2 - 50% - 50% - 1:12
PK Defense
1 - 69% - 50% - 1:39
2 - 31% - 50% - 0:45
PK3 Forward
1 - 0% - 50%
2 - 0% - 50%
PK3 Defense
1 - 0% - 50%
2 - 0% - 50%
44 Forward
1 - 35% - 50% - 0:42
2 - 65% - 50% - 1:17
44 Defense
1 - 65% - 50% - 1:17
2 - 35% - 50% - 0:42
Last Minute Offensive  - 0:00
Last Minute Defensive  - 0:02
Total
Forward - 60:00
Defense - 60:00

% Time on Ice - Tampa Bay Lightning

Lines # - Real PCT - Wanted PCT - Time Play
Normal Forward
1 - 27% - 27% - 13:48
2 - 26% - 26% - 13:12
3 - 24% - 25% - 12:12
4 - 23% - 22% - 11:55
Normal Defense
1 - 39% - 26% - 19:55
2 - 24% - 26% - 12:31
3 - 29% - 25% - 14:58
4 - 7% - 23% - 3:43
PP Forward
1 - 41% - 50% - 0:59
2 - 59% - 50% - 1:25
PP Defense
1 - 60% - 50% - 1:26
2 - 40% - 50% - 0:58
PK Forward
1 - 56% - 50% - 2:14
2 - 44% - 50% - 1:44
PK Defense
1 - 59% - 50% - 2:21
2 - 41% - 50% - 1:37
PK3 Forward
1 - 0% - 50%
2 - 0% - 50%
PK3 Defense
1 - 0% - 50%
2 - 0% - 50%
44 Forward
1 - 49% - 50% - 0:58
2 - 51% - 50% - 1:01
44 Defense
1 - 100% - 50% - 1:59
2 - 0% - 50% - 0:00
Last Minute Offensive  - 0:32
Last Minute Defensive  - 0:00
Total
Forward - 60:00
Defense - 60:00

Play-by-Play

1st period


0:01 of 1st period - Sebastian Aho wins face-off versus Mathew Barzal in neutral zone.
0:05 of 1st period - Icing by Victor Hedman.
0:06 of 1st period - Nicklas Backstrom wins face-off versus Mathew Barzal in Tampa Bay Lightning zone.
0:09 of 1st period - Shot by Taylor Hall.
0:09 of 1st period - Stopped by Vitek Vanecek without a rebound.
0:10 of 1st period - Anthony Duclair wins face-off versus Ross Colton in Tampa Bay Lightning zone.
0:28 of 1st period - Icing by Caleb Jones.
0:29 of 1st period - Nicklas Backstrom wins face-off versus Ross Colton in Tampa Bay Lightning zone.
0:44 of 1st period - Shot by Ondrej Palat.
0:44 of 1st period - Goal by Ondrej Palat - Carolina Hurricanes : 0 - Tampa Bay Lightning : 1.
0:45 of 1st period - Sebastian Aho wins face-off versus Daniel Sprong in neutral zone.
0:45 of 1st period - Minor Penalty to Eric Robinson for Holding.
0:46 of 1st period - Sebastian Aho wins face-off versus Mathew Barzal in Tampa Bay Lightning zone.
0:49 of 1st period - Shot by Brady Skjei.
0:49 of 1st period - Deflect By Nino Niederreiter.
0:49 of 1st period - Stopped by Vitek Vanecek without a rebound.
0:50 of 1st period - Ross Colton wins face-off versus Nicklas Backstrom in Tampa Bay Lightning zone.
1:13 of 1st period - Shot by Nicklas Backstrom.
1:13 of 1st period - Shot Misses the Net.
1:15 of 1st period - Shot by Brendan Smith.
1:15 of 1st period - Stopped by Vitek Vanecek with a rebound.
1:17 of 1st period - Shot by Brendan Smith.
1:17 of 1st period - Stopped by Vitek Vanecek without a rebound.
1:18 of 1st period - Ross Colton wins face-off versus Sebastian Aho in Tampa Bay Lightning zone.
1:31 of 1st period - Shot by Brett Pesce.
1:31 of 1st period - Shot Misses the Net.
1:33 of 1st period - Shot by Jordan Staal.
1:33 of 1st period - Shot Blocked by Caleb Jones.
1:46 of 1st period - Icing by Jordan Staal.
1:47 of 1st period - Sebastian Aho wins face-off versus Mathew Barzal in Carolina Hurricanes zone.
1:47 of 1st period - Sebastian Aho is hit by Mathew Barzal.
1:57 of 1st period - Shot by Sebastian Aho.
1:57 of 1st period - Shot Misses the Net.
2:28 of 1st period - Off-side.
2:29 of 1st period - Nicklas Backstrom wins face-off versus Mathew Barzal in neutral zone.
2:31 of 1st period - Stefan Noesen is hit by Victor Hedman and loses puck.
2:36 of 1st period - Shot by Taylor Hall.
2:36 of 1st period - Shot Misses the Net.
2:38 of 1st period - Shot by Noah Hanifin.
2:38 of 1st period - Shot Misses the Net.
2:40 of 1st period - Shot by Nicklas Backstrom.
2:40 of 1st period - Shot Misses the Net.
2:42 of 1st period - Shot by Stefan Noesen.
2:42 of 1st period - Shot Misses the Net.
2:44 of 1st period - Shot by Noah Hanifin.
2:44 of 1st period - Shot Misses the Net.
3:15 of 1st period - Dylan Coghlan is hit by Zach Aston-Reese and loses puck.
4:38 of 1st period - Shot by Mathew Barzal.
4:38 of 1st period - Shot Blocked by Noah Hanifin.
4:40 of 1st period - Shot by Mathieu Joseph.
4:40 of 1st period - Shot Misses the Net.
4:42 of 1st period - Shot by Calvin de Haan.
4:42 of 1st period - Shot Misses the Net.
4:44 of 1st period - Shot by Calvin de Haan.
4:44 of 1st period - Shot Blocked by Noah Hanifin.
5:46 of 1st period - Icing by Jake Walman.
5:47 of 1st period - Ross Colton wins face-off versus Carl Grundstrom in Tampa Bay Lightning zone.
6:10 of 1st period - Shot by Brock McGinn.
6:10 of 1st period - Shot Misses the Net.
6:24 of 1st period - Shot by Daniel Sprong.
6:24 of 1st period - Deflect By Zach Aston-Reese.
6:24 of 1st period - Stopped by Frederik Andersen without a rebound.
6:25 of 1st period - Sebastian Aho wins face-off versus Mathew Barzal in Carolina Hurricanes zone.
7:09 of 1st period - Shot by Nick Bjugstad.
7:09 of 1st period - Shot Blocked by Noah Hanifin.
7:11 of 1st period - Shot by Kiefer Sherwood.
7:11 of 1st period - Shot Misses the Net.
7:13 of 1st period - Shot by Victor Hedman.
7:13 of 1st period - Shot Misses the Net.
7:15 of 1st period - Shot by Colin White.
7:15 of 1st period - Stopped by Frederik Andersen with a rebound.
7:17 of 1st period - Shot by Victor Hedman.
7:17 of 1st period - Shot Misses the Net.
7:21 of 1st period - Shot by Nick Bjugstad.
7:21 of 1st period - Stopped by Frederik Andersen without a rebound.
7:22 of 1st period - Zach Aston-Reese wins face-off versus Nicklas Backstrom in Carolina Hurricanes zone.
7:36 of 1st period - Shot by Stefan Noesen.
7:36 of 1st period - Shot Misses the Net.
7:38 of 1st period - Shot by Brady Skjei.
7:38 of 1st period - Shot Blocked by Victor Hedman.
8:33 of 1st period - Jake Bean is hit by Caleb Jones.
9:17 of 1st period - Shot by Mathieu Joseph.
9:17 of 1st period - Shot Blocked by Brady Skjei.
9:19 of 1st period - Shot by Alex Killorn.
9:19 of 1st period - Shot Blocked by Brady Skjei.
9:57 of 1st period - Shot by Mathew Barzal.
9:57 of 1st period - Deflect By Eric Robinson.
9:57 of 1st period - Shot Misses the Net.
9:59 of 1st period - Shot by Eric Robinson.
9:59 of 1st period - Shot Misses the Net.
10:01 of 1st period - Shot by Jordan Oesterle.
10:01 of 1st period - Stopped by Frederik Andersen without a rebound.
10:02 of 1st period - Nicklas Backstrom wins face-off versus Ross Colton in Carolina Hurricanes zone.
10:43 of 1st period - Shot by Colin White.
10:43 of 1st period - Shot Misses the Net.
10:45 of 1st period - Shot by Nick Bjugstad.
10:45 of 1st period - Shot Misses the Net.
10:56 of 1st period - Shot by Nick Bjugstad.
10:56 of 1st period - Shot Misses the Net.
10:58 of 1st period - Shot by Victor Hedman.
10:58 of 1st period - Shot Misses the Net.
11:14 of 1st period - Shot by Daniel Sprong.
11:14 of 1st period - Shot Blocked by Noah Hanifin.
11:20 of 1st period - Shot by Eric Robinson.
11:20 of 1st period - Stopped by Frederik Andersen without a rebound.
11:21 of 1st period - Sebastian Aho wins face-off versus Mathew Barzal in Carolina Hurricanes zone.
11:48 of 1st period - Icing by Jake Walman.
11:49 of 1st period - Anthony Duclair wins face-off versus Mathew Barzal in Tampa Bay Lightning zone.
12:45 of 1st period - Sebastian Aho is hit by Caleb Jones and loses puck.
13:41 of 1st period - Off-side.
13:42 of 1st period - Zach Aston-Reese wins face-off versus Anthony Duclair in neutral zone.
13:47 of 1st period - Shot by Daniel Sprong.
13:47 of 1st period - Shot Misses the Net.
14:31 of 1st period - Off-side.
14:32 of 1st period - Nicklas Backstrom wins face-off versus Colin White in neutral zone.
15:15 of 1st period - Icing by Victor Hedman.
15:16 of 1st period - Anthony Duclair wins face-off versus Colin White in Tampa Bay Lightning zone.
15:23 of 1st period - Shot by Jake Bean.
15:23 of 1st period - Stopped by Vitek Vanecek without a rebound.
15:24 of 1st period - Sebastian Aho wins face-off versus Mathieu Joseph in Tampa Bay Lightning zone.
15:29 of 1st period - Shot by Sebastian Aho.
15:29 of 1st period - Stopped by Vitek Vanecek without a rebound.
15:30 of 1st period - Mathew Barzal wins face-off versus Anthony Duclair in Tampa Bay Lightning zone.
15:39 of 1st period - Off-side.
15:40 of 1st period - Sebastian Aho wins face-off versus Ross Colton in neutral zone.
16:00 of 1st period - Shot by Brendan Gallagher.
16:00 of 1st period - Stopped by Frederik Andersen without a rebound.
16:01 of 1st period - Mathew Barzal wins face-off versus Nicklas Backstrom in Carolina Hurricanes zone.
16:08 of 1st period - Shot by Alex Killorn.
16:08 of 1st period - Shot Blocked by Brady Skjei.
16:10 of 1st period - Shot by Mathieu Joseph.
16:10 of 1st period - Deflect By Mathew Barzal.
16:10 of 1st period - Shot Misses the Net.
16:12 of 1st period - Shot by Jake Walman.
16:12 of 1st period - Shot Misses the Net.
16:14 of 1st period - Shot by Mathew Barzal.
16:14 of 1st period - Shot Misses the Net.
16:51 of 1st period - Icing by Dylan Coghlan.
16:52 of 1st period - Anthony Duclair wins face-off versus Ross Colton in Carolina Hurricanes zone.
17:05 of 1st period - Shot by Ross Colton.
17:05 of 1st period - Shot Misses the Net.
17:07 of 1st period - Shot by Will Borgen.
17:07 of 1st period - Stopped by Frederik Andersen without a rebound.
17:08 of 1st period - Zach Aston-Reese wins face-off versus Sebastian Aho in Carolina Hurricanes zone.
17:09 of 1st period - Shot by Eric Robinson.
17:09 of 1st period - Deflect By Zach Aston-Reese.
17:09 of 1st period - Shot Hit the Post.
17:17 of 1st period - Shot by Nino Niederreiter.
17:17 of 1st period - Shot Blocked by Victor Hedman.
17:19 of 1st period - Shot by Jordan Staal.
17:19 of 1st period - Shot Misses the Net.
17:21 of 1st period - Shot by Jordan Staal.
17:21 of 1st period - Shot Misses the Net.
18:09 of 1st period - Shot by Taylor Hall.
18:09 of 1st period - Stopped by Vitek Vanecek without a rebound.
18:10 of 1st period - Mathew Barzal wins face-off versus Anthony Duclair in Tampa Bay Lightning zone.
18:26 of 1st period - Shot by Mathew Barzal.
18:26 of 1st period - Deflect By Alex Killorn.
18:26 of 1st period - Stopped by Frederik Andersen without a rebound.
18:27 of 1st period - Sebastian Aho wins face-off versus Ross Colton in Carolina Hurricanes zone.
18:41 of 1st period - Off-side.
18:42 of 1st period - Mathew Barzal wins face-off versus Anthony Duclair in neutral zone.
19:12 of 1st period - Shot by Carl Grundstrom.
19:12 of 1st period - Goal by Carl Grundstrom - Carolina Hurricanes : 1 - Tampa Bay Lightning : 1.
19:13 of 1st period - Ross Colton wins face-off versus Sebastian Aho in neutral zone.
19:26 of 1st period - Shot by Sebastian Aho.
19:26 of 1st period - Shot Hit the Post.
19:28 of 1st period - Shot by Brady Skjei.
19:28 of 1st period - Shot Blocked by Will Borgen.
19:33 of 1st period - Icing by Ondrej Palat.
19:34 of 1st period - Ross Colton wins face-off versus Nicklas Backstrom in Tampa Bay Lightning zone.
19:34 of 1st period - Brendan Gallagher is hit by Nicklas Backstrom and loses puck.
19:55 of 1st period - Nicklas Backstrom is hit by Will Borgen and loses puck.
Goals for this period are 1 for Carolina Hurricanes vs 1 for Tampa Bay Lightning.
Shots for this period are 8 for Carolina Hurricanes vs 9 for Tampa Bay Lightning.

2nd period


0:01 of 2nd period - Sebastian Aho wins face-off versus Mathew Barzal in neutral zone.
0:09 of 2nd period - Off-side.
0:10 of 2nd period - Nicklas Backstrom wins face-off versus Colin White in neutral zone.
1:09 of 2nd period - Shot by Alex Killorn.
1:09 of 2nd period - Stopped by Frederik Andersen without a rebound.
1:10 of 2nd period - Zach Aston-Reese wins face-off versus Anthony Duclair in Carolina Hurricanes zone.
1:12 of 2nd period - Daniel Sprong is hit by Dylan Coghlan.
2:12 of 2nd period - Shot by Sebastian Aho.
2:12 of 2nd period - Shot Blocked by Jake Walman.
2:14 of 2nd period - Shot by Nino Niederreiter.
2:14 of 2nd period - Stopped by Vitek Vanecek without a rebound.
2:15 of 2nd period - Mathew Barzal wins face-off versus Sebastian Aho in Tampa Bay Lightning zone.
2:26 of 2nd period - Shot by Denis Gurianov.
2:26 of 2nd period - Shot Misses the Net.
2:32 of 2nd period - Shot by Julien Gauthier.
2:32 of 2nd period - Shot Misses the Net.
2:34 of 2nd period - Shot by Julien Gauthier.
2:34 of 2nd period - Stopped by Vitek Vanecek without a rebound.
2:35 of 2nd period - Nicklas Backstrom wins face-off versus Colin White in Tampa Bay Lightning zone.
2:42 of 2nd period - Shot by Stefan Noesen.
2:42 of 2nd period - Stopped by Vitek Vanecek without a rebound.
2:43 of 2nd period - Taylor Hall wins face-off versus Zach Aston-Reese in Tampa Bay Lightning zone.
3:06 of 2nd period - Brett Pesce is hit by Eric Robinson and loses puck.
3:22 of 2nd period - Icing by Daniel Sprong.
3:23 of 2nd period - Eric Robinson wins face-off versus Sebastian Aho in Tampa Bay Lightning zone.
3:23 of 2nd period - Eric Robinson is hit by Jordan Staal.
3:48 of 2nd period - Off-side.
3:49 of 2nd period - Anthony Duclair wins face-off versus Colin White in neutral zone.
4:03 of 2nd period - Shot by Carl Grundstrom.
4:03 of 2nd period - Shot Blocked by Calvin de Haan.
4:48 of 2nd period - Brady Skjei is hit by Alex Killorn and loses puck.
4:53 of 2nd period - Shot by Mathew Barzal.
4:53 of 2nd period - Deflect By Alex Killorn.
4:53 of 2nd period - Shot Blocked by Brett Pesce.
5:33 of 2nd period - Shot by Nicklas Backstrom.
5:33 of 2nd period - Stopped by Vitek Vanecek without a rebound.
5:34 of 2nd period - Ross Colton wins face-off versus Anthony Duclair in Tampa Bay Lightning zone.
5:39 of 2nd period - Shot by Caleb Jones.
5:39 of 2nd period - Stopped by Frederik Andersen without a rebound.
5:40 of 2nd period - Ross Colton wins face-off versus Anthony Duclair in Carolina Hurricanes zone.
5:45 of 2nd period - Shot by Brendan Gallagher.
5:45 of 2nd period - Shot Misses the Net.
5:47 of 2nd period - Shot by Will Borgen.
5:47 of 2nd period - Shot Blocked by Brock McGinn.
5:57 of 2nd period - Shot by Ross Colton.
5:57 of 2nd period - Goal by Ross Colton - Carolina Hurricanes : 1 - Tampa Bay Lightning : 2.
5:58 of 2nd period - Nicklas Backstrom wins face-off versus Colin White in neutral zone.
6:11 of 2nd period - Nick Bjugstad is hit by Jake Bean and loses puck.
6:24 of 2nd period - Shot by Taylor Hall.
6:24 of 2nd period - Stopped by Vitek Vanecek with a rebound.
6:56 of 2nd period - Shot by Daniel Sprong.
6:56 of 2nd period - Stopped by Frederik Andersen without a rebound.
6:57 of 2nd period - Ross Colton wins face-off versus Anthony Duclair in Carolina Hurricanes zone.
7:04 of 2nd period - Shot by Ondrej Palat.
7:04 of 2nd period - Shot Misses the Net.
8:39 of 2nd period - Shot by Taylor Hall.
8:39 of 2nd period - Deflect By Nicklas Backstrom.
8:39 of 2nd period - Shot Misses the Net.
9:10 of 2nd period - Icing by Eric Robinson.
9:11 of 2nd period - Sebastian Aho wins face-off versus Zach Aston-Reese in Tampa Bay Lightning zone.
9:17 of 2nd period - Icing by Will Borgen.
9:18 of 2nd period - Daniel Sprong wins face-off versus Anthony Duclair in Tampa Bay Lightning zone.
9:20 of 2nd period - Icing by Eric Robinson.
9:21 of 2nd period - Sebastian Aho wins face-off versus Zach Aston-Reese in Tampa Bay Lightning zone.
9:38 of 2nd period - Jordan Staal is hit by Eric Robinson and loses puck.
9:47 of 2nd period - Minor Penalty to Brett Pesce for Hooking.
9:48 of 2nd period - Ross Colton wins face-off versus Sebastian Aho in Carolina Hurricanes zone.
10:36 of 2nd period - Shot by Kiefer Sherwood.
10:36 of 2nd period - Stopped by Frederik Andersen with a rebound.
10:38 of 2nd period - Shot by Mathew Barzal.
10:38 of 2nd period - Stopped by Frederik Andersen without a rebound.
10:39 of 2nd period - Ross Colton wins face-off versus Sebastian Aho in Carolina Hurricanes zone.
10:40 of 2nd period - Shot by Victor Hedman.
10:40 of 2nd period - Stopped by Frederik Andersen without a rebound.
10:41 of 2nd period - Sebastian Aho wins face-off versus Ross Colton in Carolina Hurricanes zone.
10:41 of 2nd period - Sebastian Aho is hit by Ross Colton.
10:54 of 2nd period - Shot by Victor Hedman.
10:54 of 2nd period - Stopped by Frederik Andersen without a rebound.
10:55 of 2nd period - Mathew Barzal wins face-off versus Sebastian Aho in Carolina Hurricanes zone.
11:57 of 2nd period - Shot by Brock McGinn.
11:57 of 2nd period - Shot Misses the Net.
11:59 of 2nd period - Shot by Carl Grundstrom.
11:59 of 2nd period - Stopped by Vitek Vanecek without a rebound.
12:00 of 2nd period - Sebastian Aho wins face-off versus Eric Robinson in Tampa Bay Lightning zone.
12:04 of 2nd period - Icing by Jordan Oesterle.
12:05 of 2nd period - Anthony Duclair wins face-off versus Zach Aston-Reese in Tampa Bay Lightning zone.
12:29 of 2nd period - Anthony Duclair is hit by Jake Walman and loses puck.
12:49 of 2nd period - Nick Bjugstad is hit by Brendan Smith and loses puck.
13:06 of 2nd period - Shot by Kiefer Sherwood.
13:06 of 2nd period - Deflect By Nick Bjugstad.
13:06 of 2nd period - Shot Misses the Net.
13:08 of 2nd period - Shot by Colin White.
13:08 of 2nd period - Shot Misses the Net.
13:10 of 2nd period - Shot by Nick Bjugstad.
13:10 of 2nd period - Deflect By Colin White.
13:10 of 2nd period - Stopped by Frederik Andersen without a rebound.
13:11 of 2nd period - Ross Colton wins face-off versus Sebastian Aho in Carolina Hurricanes zone.
13:26 of 2nd period - Shot by Jordan Staal.
13:26 of 2nd period - Stopped by Vitek Vanecek without a rebound.
13:27 of 2nd period - Taylor Hall wins face-off versus Mathew Barzal in Tampa Bay Lightning zone.
13:40 of 2nd period - Shot by Stefan Noesen.
13:40 of 2nd period - Shot Misses the Net.
13:45 of 2nd period - Icing by Mathew Barzal.
13:46 of 2nd period - Mathew Barzal wins face-off versus Sebastian Aho in Tampa Bay Lightning zone.
14:03 of 2nd period - Shot by Jordan Staal.
14:03 of 2nd period - Stopped by Vitek Vanecek without a rebound.
14:04 of 2nd period - Taylor Hall wins face-off versus Ross Colton in Tampa Bay Lightning zone.
14:40 of 2nd period - Icing by Taylor Hall.
14:41 of 2nd period - Nicklas Backstrom wins face-off versus Colin White in Carolina Hurricanes zone.
15:00 of 2nd period - Nick Bjugstad is hit by Brady Skjei and loses puck.
15:17 of 2nd period - Nick Bjugstad is hit by Nino Niederreiter and loses puck.
15:26 of 2nd period - Shot by Sebastian Aho.
15:26 of 2nd period - Shot Blocked by Caleb Jones.
15:59 of 2nd period - Shot by Anthony Duclair.
15:59 of 2nd period - Shot Misses the Net.
16:15 of 2nd period - Shot by Sebastian Aho.
16:15 of 2nd period - Shot Blocked by Jake Walman.
16:21 of 2nd period - Shot by Denis Gurianov.
16:21 of 2nd period - Goal by Denis Gurianov - Carolina Hurricanes : 2 - Tampa Bay Lightning : 2.
16:22 of 2nd period - Nicklas Backstrom wins face-off versus Ross Colton in neutral zone.
16:38 of 2nd period - Shot by Nicklas Backstrom.
16:38 of 2nd period - Deflect By Taylor Hall.
16:38 of 2nd period - Stopped by Vitek Vanecek without a rebound.
16:39 of 2nd period - Sebastian Aho wins face-off versus Zach Aston-Reese in Tampa Bay Lightning zone.
16:44 of 2nd period - Shot by Sebastian Aho.
16:44 of 2nd period - Shot Misses the Net.
16:48 of 2nd period - Shot by Sebastian Aho.
16:48 of 2nd period - Stopped by Vitek Vanecek without a rebound.
16:49 of 2nd period - Ross Colton wins face-off versus Jordan Staal in Tampa Bay Lightning zone.
17:00 of 2nd period - Shot by Ondrej Palat.
17:00 of 2nd period - Shot Misses the Net.
17:02 of 2nd period - Shot by Victor Hedman.
17:02 of 2nd period - Stopped by Frederik Andersen without a rebound.
17:03 of 2nd period - Zach Aston-Reese wins face-off versus Anthony Duclair in Carolina Hurricanes zone.
17:19 of 2nd period - Shot by Eric Robinson.
17:19 of 2nd period - Shot Misses the Net.
17:21 of 2nd period - Shot by Jake Walman.
17:21 of 2nd period - Stopped by Frederik Andersen with a rebound.
17:23 of 2nd period - Shot by Eric Robinson.
17:23 of 2nd period - Shot Misses the Net.
17:38 of 2nd period - Brendan Gallagher beats up Brock McGinn.
17:38 of 2nd period - Penalty to Brendan Gallagher for Fighting.
17:38 of 2nd period - Penalty to Brock McGinn for Fighting.
17:38 of 2nd period - Jake Bean beats up Ross Colton.
17:38 of 2nd period - Penalty to Ross Colton for Fighting.
17:38 of 2nd period - Penalty to Jake Bean for Fighting.
17:38 of 2nd period - Victor Hedman and Anthony Duclair fight to a draw.
17:38 of 2nd period - Penalty to Victor Hedman for Fighting.
17:38 of 2nd period - Penalty to Anthony Duclair for Fighting.
17:38 of 2nd period - Minor Penalty to Ondrej Palat for High sticking.
17:38 of 2nd period - Minor Penalty to Calvin de Haan for High sticking.
17:38 of 2nd period - Minor Penalty to Dylan Coghlan for Cross-checking.
17:38 of 2nd period - Double Minor Penalty to Carl Grundstrom for Roughing.
17:39 of 2nd period - Mathew Barzal wins face-off versus Taylor Hall in Carolina Hurricanes zone.
18:19 of 2nd period - Icing by Will Borgen.
18:20 of 2nd period - Sebastian Aho wins face-off versus Mathew Barzal in Tampa Bay Lightning zone.
18:29 of 2nd period - Shot by Sebastian Aho.
18:29 of 2nd period - Shot Hit the Post.
18:31 of 2nd period - Shot by Brendan Smith.
18:31 of 2nd period - Stopped by Vitek Vanecek without a rebound.
18:32 of 2nd period - Zach Aston-Reese wins face-off versus Sebastian Aho in Tampa Bay Lightning zone.
18:32 of 2nd period - Zach Aston-Reese is hit by Jordan Staal.
18:40 of 2nd period - Shot by Mathieu Joseph.
18:40 of 2nd period - Shot Misses the Net.
18:42 of 2nd period - Shot by Jordan Oesterle.
18:42 of 2nd period - Shot Blocked by Brendan Smith.
18:44 of 2nd period - Shot by Mathieu Joseph.
18:44 of 2nd period - Deflect By Zach Aston-Reese.
18:44 of 2nd period - Stopped by Frederik Andersen with a rebound.
18:58 of 2nd period - Shot by Caleb Jones.
18:58 of 2nd period - Stopped by Frederik Andersen without a rebound.
18:59 of 2nd period - Taylor Hall wins face-off versus Eric Robinson in Carolina Hurricanes zone.
19:16 of 2nd period - Shot by Nino Niederreiter.
19:16 of 2nd period - Shot Misses the Net.
19:50 of 2nd period - Shot by Stefan Noesen.
19:50 of 2nd period - Stopped by Vitek Vanecek without a rebound.
19:51 of 2nd period - Colin White wins face-off versus Brendan Lemieux in Tampa Bay Lightning zone.
Goals for this period are 1 for Carolina Hurricanes vs 1 for Tampa Bay Lightning.
Shots for this period are 13 for Carolina Hurricanes vs 13 for Tampa Bay Lightning.

3rd period


0:01 of 3rd period - Zach Aston-Reese wins face-off versus Sebastian Aho in neutral zone.
0:14 of 3rd period - Icing by Brett Pesce.
0:15 of 3rd period - Sebastian Aho wins face-off versus Mathew Barzal in Carolina Hurricanes zone.
0:17 of 3rd period - Brady Skjei is hit by Alex Killorn.
0:33 of 3rd period - Shot by Sebastian Aho.
0:33 of 3rd period - Shot Blocked by Calvin de Haan.
0:41 of 3rd period - Shot by Mathieu Joseph.
0:41 of 3rd period - Shot Misses the Net.
0:52 of 3rd period - Icing by Brady Skjei.
0:53 of 3rd period - Zach Aston-Reese wins face-off versus Sebastian Aho in Carolina Hurricanes zone.
0:54 of 3rd period - Shot by Ondrej Palat.
0:54 of 3rd period - Stopped by Frederik Andersen with a rebound.
0:59 of 3rd period - Off-side.
1:00 of 3rd period - Colin White wins face-off versus Stefan Noesen in neutral zone.
1:08 of 3rd period - Icing by Noah Hanifin.
1:09 of 3rd period - Zach Aston-Reese wins face-off versus Nicklas Backstrom in Carolina Hurricanes zone.
1:16 of 3rd period - Icing by Brendan Smith.
1:17 of 3rd period - Mathew Barzal wins face-off versus Nicklas Backstrom in Carolina Hurricanes zone.
1:18 of 3rd period - Shot by Alex Killorn.
1:18 of 3rd period - Stopped by Frederik Andersen with a rebound.
1:20 of 3rd period - Shot by Alex Killorn.
1:20 of 3rd period - Shot Blocked by Nicklas Backstrom.
3:12 of 3rd period - Off-side.
3:13 of 3rd period - Colin White wins face-off versus Anthony Duclair in neutral zone.
4:43 of 3rd period - Shot by Sebastian Aho.
4:43 of 3rd period - Stopped by Vitek Vanecek without a rebound.
4:44 of 3rd period - Sebastian Aho wins face-off versus Mathew Barzal in Tampa Bay Lightning zone.
4:51 of 3rd period - Shot by Jordan Staal.
4:51 of 3rd period - Stopped by Vitek Vanecek without a rebound.
4:52 of 3rd period - Mathew Barzal wins face-off versus Nino Niederreiter in Tampa Bay Lightning zone.
5:41 of 3rd period - Icing by Mathieu Joseph.
5:42 of 3rd period - Alex Killorn wins face-off versus Carl Grundstrom in Tampa Bay Lightning zone.
5:42 of 3rd period - Alex Killorn is hit by Carl Grundstrom.
6:14 of 3rd period - Carl Grundstrom is hit by Colin White and loses puck.
6:52 of 3rd period - Victor Hedman is hit by Brett Pesce.
6:55 of 3rd period - Icing by Denis Gurianov.
6:56 of 3rd period - Sebastian Aho wins face-off versus Zach Aston-Reese in Carolina Hurricanes zone.
7:04 of 3rd period - Icing by Brady Skjei.
7:05 of 3rd period - Sebastian Aho wins face-off versus Ross Colton in Carolina Hurricanes zone.
7:05 of 3rd period - Sebastian Aho is hit by Ross Colton.
7:21 of 3rd period - Shot by Ross Colton.
7:21 of 3rd period - Deflect By Brendan Gallagher.
7:21 of 3rd period - Stopped by Frederik Andersen without a rebound.
7:22 of 3rd period - Nicklas Backstrom wins face-off versus Zach Aston-Reese in Carolina Hurricanes zone.
7:22 of 3rd period - Taylor Hall is hit by Zach Aston-Reese and loses puck.
7:43 of 3rd period - Shot by Taylor Hall.
7:43 of 3rd period - Stopped by Vitek Vanecek without a rebound.
7:43 of 3rd period - Minor Penalty to Jordan Oesterle for Hooking.
7:44 of 3rd period - Ross Colton wins face-off versus Sebastian Aho in Tampa Bay Lightning zone.
8:23 of 3rd period - Icing by Nicklas Backstrom.
8:24 of 3rd period - Mathieu Joseph wins face-off versus Nicklas Backstrom in Carolina Hurricanes zone.
8:36 of 3rd period - Icing by Brendan Smith.
8:37 of 3rd period - Nicklas Backstrom wins face-off versus Ross Colton in Carolina Hurricanes zone.
8:41 of 3rd period - Off-side.
8:42 of 3rd period - Sebastian Aho wins face-off versus Mathew Barzal in neutral zone.
8:45 of 3rd period - Shot by Noah Hanifin.
8:45 of 3rd period - Shot Blocked by Calvin de Haan.
8:47 of 3rd period - Shot by Brendan Smith.
8:47 of 3rd period - Shot Misses the Net.
8:49 of 3rd period - Shot by Jordan Staal.
8:49 of 3rd period - Deflect By Sebastian Aho.
8:49 of 3rd period - Stopped by Vitek Vanecek without a rebound.
8:50 of 3rd period - Nicklas Backstrom wins face-off versus Ross Colton in Tampa Bay Lightning zone.
8:51 of 3rd period - Shot by Brady Skjei.
8:51 of 3rd period - Stopped by Vitek Vanecek with a rebound.
8:53 of 3rd period - Shot by Brady Skjei.
8:53 of 3rd period - Stopped by Vitek Vanecek without a rebound.
8:54 of 3rd period - Nicklas Backstrom wins face-off versus Ross Colton in Tampa Bay Lightning zone.
8:55 of 3rd period - Shot by Brett Pesce.
8:55 of 3rd period - Shot Misses the Net.
9:20 of 3rd period - Shot by Brett Pesce.
9:20 of 3rd period - Shot Blocked by Victor Hedman.
9:22 of 3rd period - Shot by Brett Pesce.
9:22 of 3rd period - Stopped by Vitek Vanecek without a rebound.
9:23 of 3rd period - Sebastian Aho wins face-off versus Mathew Barzal in Tampa Bay Lightning zone.
10:06 of 3rd period - Shot by Carl Grundstrom.
10:06 of 3rd period - Stopped by Vitek Vanecek without a rebound.
10:07 of 3rd period - Ross Colton wins face-off versus Julien Gauthier in Tampa Bay Lightning zone.
11:03 of 3rd period - Shot by Taylor Hall.
11:03 of 3rd period - Deflect By Stefan Noesen.
11:03 of 3rd period - Stopped by Vitek Vanecek with a rebound.
11:35 of 3rd period - Icing by Jake Walman.
11:36 of 3rd period - Zach Aston-Reese wins face-off versus Sebastian Aho in Tampa Bay Lightning zone.
12:23 of 3rd period - Shot by Mathew Barzal.
12:23 of 3rd period - Shot Misses the Net.
12:41 of 3rd period - Shot by Brock McGinn.
12:41 of 3rd period - Deflect By Anthony Duclair.
12:41 of 3rd period - Stopped by Vitek Vanecek with a rebound.
12:51 of 3rd period - Anthony Duclair is hit by Victor Hedman and loses puck.
12:54 of 3rd period - Shot by Dylan Coghlan.
12:54 of 3rd period - Stopped by Vitek Vanecek with a rebound.
13:12 of 3rd period - Shot by Nicklas Backstrom.
13:12 of 3rd period - Shot Blocked by Calvin de Haan.
13:14 of 3rd period - Shot by Stefan Noesen.
13:14 of 3rd period - Stopped by Vitek Vanecek without a rebound.
13:15 of 3rd period - Nicklas Backstrom wins face-off versus Kiefer Sherwood in Tampa Bay Lightning zone.
13:21 of 3rd period - Off-side.
13:22 of 3rd period - Nicklas Backstrom wins face-off versus Zach Aston-Reese in neutral zone.
14:42 of 3rd period - Shot by Brock McGinn.
14:42 of 3rd period - Shot Misses the Net.
14:44 of 3rd period - Shot by Anthony Duclair.
14:44 of 3rd period - Goal by Anthony Duclair - Carolina Hurricanes : 3 - Tampa Bay Lightning : 2.
14:45 of 3rd period - Ross Colton wins face-off versus Anthony Duclair in neutral zone.
14:58 of 3rd period - Shot by Ondrej Palat.
14:58 of 3rd period - Stopped by Frederik Andersen with a rebound.
15:00 of 3rd period - Shot by Ondrej Palat.
15:00 of 3rd period - Shot Blocked by Brady Skjei.
15:42 of 3rd period - Shot by Sebastian Aho.
15:42 of 3rd period - Shot Misses the Net.
16:11 of 3rd period - Icing by Dylan Coghlan.
16:12 of 3rd period - Mathew Barzal wins face-off versus Stefan Noesen in Carolina Hurricanes zone.
17:15 of 3rd period - Icing by Brady Skjei.
17:16 of 3rd period - Sebastian Aho wins face-off versus Ross Colton in Carolina Hurricanes zone.
17:27 of 3rd period - Shot by Ross Colton.
17:27 of 3rd period - Stopped by Frederik Andersen without a rebound.
17:28 of 3rd period - Colin White wins face-off versus Anthony Duclair in Carolina Hurricanes zone.
17:28 of 3rd period - Colin White is hit by Brendan Smith.
17:57 of 3rd period - Anthony Duclair is hit by Will Borgen and loses puck.
18:34 of 3rd period - Shot by Ondrej Palat.
18:34 of 3rd period - Stopped by Frederik Andersen without a rebound.
18:35 of 3rd period - Nicklas Backstrom wins face-off versus Zach Aston-Reese in Carolina Hurricanes zone.
18:55 of 3rd period - Shot by Daniel Sprong.
18:55 of 3rd period - Stopped by Frederik Andersen without a rebound.
18:56 of 3rd period - Ross Colton wins face-off versus Sebastian Aho in Carolina Hurricanes zone.
19:02 of 3rd period - Icing by Brendan Smith.
19:03 of 3rd period - Sebastian Aho wins face-off versus Mathew Barzal in Carolina Hurricanes zone.
19:20 of 3rd period - Tampa Bay Lightning, Vitek Vanecek is pulled from the net.
19:22 of 3rd period - Shot by Victor Hedman.
19:22 of 3rd period - Stopped by Frederik Andersen with a rebound.
19:24 of 3rd period - Shot by Alex Killorn.
19:24 of 3rd period - Shot Misses the Net.
19:26 of 3rd period - Shot by Mathew Barzal.
19:26 of 3rd period - Shot Hit the Post.
19:28 of 3rd period - Shot by Mathew Barzal.
19:28 of 3rd period - Shot Blocked by Brendan Smith.
19:30 of 3rd period - Shot by Mathieu Joseph.
19:30 of 3rd period - Shot Blocked by Sebastian Aho.
19:32 of 3rd period - Shot by Mathew Barzal.
19:32 of 3rd period - Stopped by Frederik Andersen without a rebound.
19:33 of 3rd period - Mathew Barzal wins face-off versus Brendan Lemieux in Carolina Hurricanes zone.
19:33 of 3rd period - Mathew Barzal is hit by Brett Pesce.
19:34 of 3rd period - Minor Penalty to Brett Pesce for Elbowing.
19:35 of 3rd period - Ross Colton wins face-off versus Taylor Hall in Carolina Hurricanes zone.
19:42 of 3rd period - Shot by Brendan Gallagher.
19:42 of 3rd period - Deflect By Ondrej Palat.
19:42 of 3rd period - Shot Blocked by Dylan Coghlan.
19:44 of 3rd period - Shot by Brendan Gallagher.
19:44 of 3rd period - Shot Misses the Net.
19:52 of 3rd period - Shot by Victor Hedman.
19:52 of 3rd period - Stopped by Frederik Andersen without a rebound.
19:53 of 3rd period - Mathew Barzal wins face-off versus Sebastian Aho in Carolina Hurricanes zone.
Goals for this period are 1 for Carolina Hurricanes vs 0 for Tampa Bay Lightning.
Shots for this period are 13 for Carolina Hurricanes vs 10 for Tampa Bay Lightning.